 Dungeon Crawl Stone Soup version 0.20.1-1-g8b1a95d (webtiles) character file.

4507 Jannitor the Nimble (level 10, -7/76 (79) HPs)
             Began as a Spriggan Chaos Knight on Oct 3, 2017.
             Mangled by a wight
             ... wielding a cursed +3 great sword
              (17 damage)
             ... on level 9 of the Dungeon on Oct 4, 2017.
             The game lasted 00:24:27 (9486 turns).

Jannitor the Nimble (Spriggan Chaos Knight)         Turns: 9486, Time: 00:24:27

HP:   -7/76 (79)    AC:  4    Str:  6 (10) XL:     10   Next: 16%
MP:   16/16         EV: 28    Int: 10 (12) God:    Xom [..*...]
Gold: 406           SH:  0    Dex: 23 (24) Spells: 9/9 levels left

rFire    . . .     SeeInvis +   i - +4 quarterstaff (chaos)
rCold    . . .     Gourm    .   (shield currently unavailable)
rNeg     . . .     Faith    .   v - +1 robe of Eclin {Regen+ Str-4 Int-2 Dex+8}
rPois    +         Spirit   .   (helmet restricted)
rElec    .         Reflect  .   n - +0 cloak
rCorr    .         Harm     .   (gloves unavailable)
MR       +....                  (boots unavailable)
Stlth    ..........             (no amulet)
Regen    0.0/turn               (no ring)
MPRegen  0.2/turn               t - ring of poison resistance

@: berserking, drained, very quick
A: unfitting armour, see invisible, herbivore 3, speed 3, sense surroundings 1,
poison resistance, screaming 1, inhibited regeneration, slow metabolism 2, weak
1, wild magic 1, MP-powered wands
a: Renounce Religion


You were on level 9 of the Dungeon.
You worshipped Xom.
You were a toy of Xom.
You were not hungry.

You visited 1 branch of the dungeon, and saw 9 of its levels.
You also visited: Sewer.

You collected 406 gold pieces.

Inventory:

Hand Weapons
 a - a +0 short sword of chaos
 i - a +4 quarterstaff of chaos (weapon)
 A - a +0 quarterstaff
 F - a +5 quarterstaff of draining
Missiles
 f - 69 arrows
Armour
 b - a +2 robe
 k - a +2 robe of fire resistance
 n - a +0 cloak (worn)
 v - the +1 robe of Eclin (worn) {Regen+ Str-4 Int-2 Dex+8}
   (You found it in a sewer)

   It affects your strength (-4).
   It affects your intelligence (-2).
   It affects your dexterity (+8).
   It increases your rate of regeneration.
 w - a +1 robe of positive energy
Magical Staves
 E - an uncursed staff of death
Jewellery
 t - a ring of poison resistance (right hand)
Wands
 m - a wand of flame (13/48)
 x - a wand of confusion (17/48)
 y - a wand of paralysis (6/24)
Scrolls
 e - a scroll of identify
 p - 3 scrolls of enchant armour
 r - 6 scrolls of teleportation
 u - 2 scrolls of magic mapping
Potions
 d - 5 potions of heal wounds
 g - 3 potions of brilliance
 j - 4 potions of curing
 s - a potion of magic
 B - a potion of cancellation
 G - a potion of flight
Comestibles
 c - 4 bread rations
 o - 6 fruits
 q - 4 royal jellies


   Skills:
 + Level 6.2(5.9) Fighting
 - Level 5.3(5.0) Short Blades
 * Level 5.9(5.6) Staves
 + Level 10.3(9.9) Dodging
 - Level 6.1(5.8) Stealth
 + Level 7.5(7.2) Evocations


You had 9 spell levels left.
You didn't know any spells.

Dungeon Overview and Level Annotations

Branches:
Dungeon (9/15)             Temple (0/1) D:5
   Lair: D:8-11         Orc: D:9-12

Altars:
Ashenzari
Dithmenos
Nemelex Xobeh
Okawaru
Ru
Sif Muna
Xom
Yredelemnul

Annotations:
D:9 Maurice


Innate Abilities, Weirdness & Mutations

You are very small and have problems with some larger weapons.
You are too small for most types of armour.
You have supernaturally acute eyesight. (SInv)
You are a herbivore.
You cover ground extremely quickly.
You need consume almost no food.
You passively map a small area around you.
Your system is resistant to poisons. (rPois)
You occasionally shout uncontrollably at your foes.
You do not regenerate when monsters are visible.
You are weak. (Str -2)
Your spells are a little harder to cast, but a little more powerful.
You expend magic power (3 MP) to strengthen your wands.


Message History

You sock the wight!
The wight is heavily damaged.
You hit the wight but do no damage. Lightning courses through the wight!
The wight is almost destroyed.
Maurice completely misses you.
You catch the helpless wight completely off-guard!
You sock the wight!
You destroy the wight!
Maurice gestures wildly while chanting.
Maurice blinks!
Things that are here:
an enchanted short sword; a robe; 22 gold pieces You closely miss the wight.
Maurice casts a spell.
Maurice blinks!
You sock the wight!
The wight is severely damaged.
The wight hits you with an enchanted great sword!
You die...
Xom bursts into laughter!

** * *
##..........#
, ,
............#
,
#..........#
#.........@#
, ,
#........).#
#.....)....#
######.#####
#.z.# ##@###
#>.# #+## * ,
, * * , , *
** , ,,,


You could see Maurice and a wight.

Vanquished Creatures
  Pikel (D:7)
  Joseph (D:7)
  Grinder (D:6)
  A hornet (D:8)
  A hippogriff (D:6)
  A water moccasin (D:8)
  3 ice beasts
  A sky beast (D:8)
  A slave (D:7)
  4 ogres
  A necrophage (D:6)
  A centaur (D:7)
  The ghost of Phantomfrettchen the Insei, an amateur OpTm (Sewer)
  A big kobold (D:8)
  Blork the orc (D:6)
  4 bullfrogs
  A scorpion (D:5)
  10 wights
  A howler monkey (D:7)
  4 crimson imps
  2 bullfrog zombies
  A centaur zombie (D:5)
  3 jellies
  A quasit (D:5)
  5 hounds
  4 orc priests
  3 orc wizards
  Crazy Yiuf (D:6)
  An iguana (D:3)
  Jessica (D:4)
  An iguana (shapeshifter) (D:7)
  Terence (D:3)
  7 worker ants
  A hound skeleton (D:8)
  9 adders
  7 gnolls
  2 river rats (Sewer)
  A shadow imp (D:6)
  An ooze (Sewer)
  An adder skeleton (D:4)
  A worm (D:2)
  3 dart slugs (D:1)
  3 leopard geckos (D:5)
  25 orcs
  4 giant cockroaches
  7 goblins
  9 hobgoblins
  6 jackals
  4 quokkas
  5 ball pythons
  5 bats
  8 frilled lizards
  2 jackal skeletons
  11 kobolds
  16 rats
202 creatures vanquished.

Vanquished Creatures (collateral kills)
  A wight (D:6)
1 creature vanquished.

Vanquished Creatures (others)
  2 slaves (D:7)
  An orc wizard (D:7)
  A dart slug (D:1)
  An orc (D:7)
5 creatures vanquished.

Grand Total: 208 creatures vanquished

Notes
Turn   | Place    | Note
-------+----------+-------------------------------------------
     0 | D:1      | Jannitor the Spriggan Chaos Knight began the quest for the Orb.
     0 | D:1      | Reached XP level 1. HP: 11/11 MP: 2/2
    61 | D:1      | XOM: divination: detect creatures
    97 | D:1      | Reached skill level 1 in Stealth
    97 | D:1      | Reached XP level 2. HP: 16/16 MP: 3/3
   199 | D:1      | XOM: divination: magic mapping
   364 | D:1      | Reached skill level 4 in Dodging
   408 | D:1      | Reached XP level 3. HP: 19/19 MP: 4/4
   915 | D:2      | XOM: stat loss: -1 Int (12/13)
   949 | D:2      | XOM: give mutation
   949 | D:2      | Gained mutation: Your body sometimes deteriorates upon taking damage. [Xom's mischief]
  1052 | D:1      | Reached XP level 4. HP: 10/23 MP: 5/5
  1407 | D:2      | XOM: chaos upgrade
  1428 | D:3      | Noticed Terence
  1442 | D:3      | XOM: repel stairs
  1444 | D:3      | XOM: butterfly on damage
  1447 | D:3      | Killed Terence
  1451 | D:3      | XOM: butterfly on damage
  1557 | D:3      | Found a burning altar of Makhleb.
  1559 | D:3      | Found an opulent altar of Gozag.
  1559 | D:3      | Found an iron altar of Okawaru.
  1561 | D:3      | Found a radiant altar of Vehumet.
  1561 | D:3      | Found a shimmering altar of Xom.
  1561 | D:3      | Found an opulent altar of Gozag.
  1667 | D:3      | Reached XP level 5. HP: 12/28 MP: 6/6
  1815 | D:3      | Found a glowing drain.
  1919 | Sewer    | Entered a sewer
  1931 | Sewer    | Noticed Phantomfrettchen's ghost (amateur OpTm)
  1939 | Sewer    | Killed Phantomfrettchen's ghost
  1939 | Sewer    | Reached skill level 5 in Dodging
  1987 | Sewer    | Reached XP level 6. HP: 27/32 MP: 7/7
  2000 | Sewer    | XOM: polymorph river rat -> ooze
  2219 | Sewer    | Got a twisted robe
  2230 | Sewer    | Identified the +1 robe of Eclin {Regen+ Str-4 Int-2 Dex+8} (You found it in a sewer)
  2459 | D:4      | XOM: harmless Conj miscast
  2470 | D:4      | XOM: enchant monster (bad)
  2472 | D:4      | XOM: cast spell 'Cause Fear'
  2511 | D:3      | XOM: give mutation
  2511 | D:3      | Gained mutation: Your body often deteriorates upon taking damage. [Xom's mischief]
  2511 | D:3      | XOM: butterfly on damage
  2518 | D:3      | Reached skill level 5 in Short Blades
  2518 | D:3      | Reached skill level 5 in Stealth
  2642 | D:3      | XOM: mild Air miscast
  2788 | D:3      | XOM: smoke on damage
  2888 | D:4      | Reached skill level 6 in Dodging
  2990 | D:4      | XOM: silly message
  2997 | D:4      | Reached XP level 7. HP: 37/37 MP: 8/8
  3022 | D:4      | XOM: enchant monster (bad)
  3050 | D:4      | XOM: mild Conj miscast
  3181 | D:4      | Noticed Jessica
  3189 | D:4      | Found a deep blue altar of Sif Muna.
  3207 | D:4      | Killed Jessica
  3350 | D:5      | Entered Level 5 of the Dungeon
  3414 | D:5      | XOM: potion effect (heal wounds)
  3462 | D:5      | Found a staircase to the Ecumenical Temple.
  3802 | D:5      | XOM: harmless Pois miscast
  4037 | D:5      | XOM: silly message
  4069 | D:4      | Lost strength.
  4072 | D:4      | XOM: cleaving
  4086 | D:4      | XOM: god gift: thin jewelled staff {god gift}
  4196 | D:4      | XOM: divination: detect items
  4300 | D:6      | XOM: cast spell 'Alistair's Intoxication'
  4305 | D:6      | XOM: harmless Fire miscast
  4356 | D:6      | Found Zaits's Gadget Shoppe.
  4371 | D:6      | Lost mutation: Your body often deteriorates upon taking damage. [potion of mutation]
  4371 | D:6      | Lost mutation: Your body sometimes deteriorates upon taking damage. [potion of mutation]
  4371 | D:6      | Gained mutation: You are agile. (Dex +2) [potion of mutation]
  4371 | D:6      | Gained mutation: Your system is resistant to poisons. (rPois) [potion of mutation]
  4409 | D:6      | Reached skill level 1 in Staves
  4409 | D:6      | Reached skill level 1 in Evocations
  4412 | D:6      | XOM: cloud trail
  4454 | D:5      | XOM: harmless Hex miscast
  4697 | D:5      | XOM: 1-stop teleportation journey
  4704 | D:5      | XOM: harmless Pois miscast
  5111 | D:5      | Reached skill level 7 in Dodging
  5111 | D:5      | Reached XP level 8. HP: 7/42 MP: 10/10
  5387 | D:5      | XOM: cloud trail
  5418 | D:5      | XOM: polymorph crimson imp -> quasit
  5447 | D:5      | XOM: polymorph scorpion -> worker ant
  5515 | D:6      | Noticed Blork the orc
  5547 | D:7      | XOM: god gift: book of Minor Magic
  5555 | D:7      | XOM: summons 4 hostile demons
  5569 | D:7      | XOM: give mutations
  5569 | D:7      | Gained mutation: You expend magic power (3 MP) to strengthen your wands. [Xom's mischief]
  5569 | D:7      | Gained mutation: Your magical capacity is low. (-10% MP) [Xom's mischief]
  5569 | D:7      | Gained mutation: You passively map a small area around you. [Xom's mischief]
  5649 | D:6      | XOM: harmless Summ miscast
  5656 | D:6      | Killed Blork the orc
  5686 | D:6      | XOM: medium Tmut miscast
  6286 | D:5      | Found a sparkling altar of Nemelex Xobeh.
  6380 | D:5      | XOM: harmless Erth miscast
  6668 | D:6      | Found a shattered altar of Ashenzari.
  6685 | D:6      | XOM: blink monster(s)
  6712 | D:6      | Reached skill level 5 in Fighting
  6767 | D:6      | Reached skill level 8 in Dodging
  6811 | D:6      | XOM: noise
  6842 | D:6      | XOM: cast spell 'Summon Horrible Things'
  6844 | D:6      | XOM: give mutations
  6844 | D:6      | Gained mutation: Your body sometimes deteriorates upon taking damage. [Xom's mischief]
  6844 | D:6      | Lost mutation: Your body sometimes deteriorates upon taking damage. [Xom's mischief]
  6844 | D:6      | Lost mutation: You are agile. (Dex +2) [Xom's mischief]
  7012 | D:6      | XOM: mild Hex miscast
  7067 | D:6      | Noticed Grinder
  7068 | D:6      | XOM: confusion (+ monsters)
  7075 | D:6      | Paralysed by Grinder for 7 turns
  7078 | D:6      | XOM: fog
  7095 | D:6      | Killed Grinder
  7095 | D:6      | Reached XP level 9. HP: 34/47 MP: 12/12
  7194 | D:6      | Found a runed door.
  7417 | D:6      | Noticed Crazy Yiuf
  7426 | D:6      | Killed Crazy Yiuf
  7426 | D:6      | Reached skill level 5 in Evocations
  7483 | D:6      | XOM: give mutations
  7483 | D:6      | Gained mutation: You occasionally shout uncontrollably at your foes. [Xom's mischief]
  7483 | D:6      | Gained mutation: Your spells are a little harder to cast, but a little more powerful. [Xom's mischief]
  7483 | D:6      | Gained mutation: You are weak. (Str -2) [Xom's mischief]
  7542 | D:7      | Noticed Pikel
  7561 | D:7      | XOM: confuse monster(s)
  7576 | D:7      | Killed Pikel
  7718 | D:7      | Found a shadowy altar of Dithmenos.
  7744 | D:7      | Noticed Joseph
  7791 | D:7      | XOM: noise
  7864 | D:6      | Reached skill level 9 in Dodging
  7986 | D:7      | XOM: harmless Hex miscast
  7997 | D:7      | XOM: severe Necr miscast
  8178 | D:7      | Reached skill level 5 in Staves
  8178 | D:7      | XOM: mild Tloc miscast
  8285 | D:7      | Found a basalt altar of Yredelemnul.
  8425 | D:7      | XOM: harmless Erth miscast
  8512 | D:7      | XOM: summons 4 hostile demons
  8513 | D:7      | Noticed a red devil
  8586 | D:6      | XOM: mild Chrm miscast
  8656 | D:7      | XOM: enchant monster (bad)
  8666 | D:7      | Killed Joseph
  8794 | D:7      | XOM: severe Fire miscast
  9061 | D:8      | XOM: noise
  9067 | D:8      | XOM: noise
  9082 | D:8      | XOM: blink monster(s)
  9086 | D:8      | Reached skill level 10 in Dodging
  9090 | D:8      | Reached XP level 10. HP: 43/51 MP: 14/14
  9211 | D:8      | XOM: medium Erth miscast
  9219 | D:8      | Found a sacrificial altar of Ru.
  9275 | D:8      | XOM: give mutations
  9275 | D:8      | Gained mutation: You do not regenerate when monsters are visible. [Xom's mischief]
  9275 | D:8      | Lost mutation: Your magical capacity is low. (-10% MP) [Xom's mischief]
  9440 | D:9      | Noticed Maurice
  9458 | D:9      | XOM: chaos upgrade
  9462 | D:9      | XOM: swap monsters
  9464 | D:9      | XOM: stat loss: -1 Str (1/5)
  9477 | D:9      | XOM: confuse monster(s)
  9480 | D:9      | XOM: potion effect (berserk rage)
  9486 | D:9      | Mangled by a wight

Skill      XL: |  1  2  3  4  5  6  7  8  9 |
---------------+----------------------------+-----
Stealth        | 1 2 3 4 5 6 |  6.1
Dodging        | 4 5 6 7 8 10 | 10.3
Short Blades   | 4 5 |  5.3
Fighting       | 3 4 5 6 |  6.2
Staves         | 2 4 5 |  5.9
Evocations     | 2 4 7 |  7.5

Action                   |  1- 3 |  4- 6 |  7- 9 | 10-12 || total
-------------------------+-------+-------+-------+-------++-------
Melee: Short sword       |   155 |   215 |     8 |       ||   378
       Quarterstaff      |       |       |   653 |    57 ||   710
       Unarmed           |       |       |     4 |       ||     4
Throw: Throwing net      |       |       |     1 |       ||     1
Evoke: Wand              |       |       |    37 |     2 ||    39
  Use: Potion            |       |     5 |     9 |     1 ||    15
       Scroll            |       |     4 |     8 |     1 ||    13
 Stab: Paralysed         |     2 |     1 |    72 |     6 ||    81
       Sleeping          |     2 |    15 |     8 |       ||    25
       Confused          |     1 |     1 |     2 |     3 ||     7
       Petrifying        |     1 |       |     1 |     2 ||     4
       Distracted        |       |       |     6 |     1 ||     7
       Petrified         |       |       |     3 |       ||     3
       Held in net/web   |       |       |     1 |       ||     1
  Eat: Bread ration      |       |       |     2 |       ||     2
Armor: Robe              |    19 |    12 |    37 |     2 ||    70
       Skin              |       |       |    11 |       ||    11
Dodge: Dodged            |   116 |   178 |   814 |    41 ||  1149
